 Dungeon Crawl Stone Soup version 0.26-a0-651-gb41185065b (webtiles) character file.

Game seed: 10732977594123643732

(classic levelgen) 1333 EnegeticOcto the Chopper (level 8, -5/73 HPs)
             Began as a Deep Dwarf Fighter on Oct 13, 2020.
             Slain by Joseph
             ... wielding a +2 quarterstaff of draining
              (12 damage)
             ... on level 7 of the Dungeon.
             The game lasted 00:01:08 (1510 turns).

EnegeticOcto the Chopper (Deep Dwarf Fighter)       Turns: 1510, Time: 00:01:09

Health: -5/73      AC:  6    Str: 22    XL:     8   Next: 34%
Magic:  5/5        EV:  6    Int:  9    God:
Gold:   187        SH:  7    Dex: 12    Spells: 7/7 levels left

rFire    . . .     SeeInvis .   a - +0 war axe
rCold    . . .     Faith    .   c - +0 kite shield
rNeg     . . .     Spirit   .   b - +0 scale mail
rPois    .         Reflect  .   (no helmet)
rElec    .         Harm     .   (no cloak)
rCorr    .         Rampage  .   (no gloves)
MR       +....                  (no boots)
Stlth    ..........             (no amulet)
HPRegen  0.00/turn              (no ring)
MPRegen  0.09/turn              (no ring)

@: non-regenerating, extremely drained
A: damage resistance, heal wounds, sense surroundings 1, no regeneration
a: Heal Wounds


You were on level 7 of the Dungeon.
You visited 1 branch of the dungeon, and saw 6 of its levels.

You collected 187 gold pieces.

Inventory:

Hand Weapons
 a - a +0 war axe (weapon)
Armour
 b - a +0 scale mail (worn)
 c - a +0 kite shield (worn)
Wands
 i - a wand of disintegration (13)
 m - a wand of iceblast (4) {@v2}
Scrolls
 g - 2 scrolls of fear {unknown}
 h - 3 scrolls of identify {unknown}
 k - a scroll of amnesia {unknown}
 l - a scroll of fog {unknown}
 o - a scroll of magic mapping {unknown}
Potions
 d - 4 potions of might {@q3}
 e - a potion of stabbing {unknown}
 f - a potion of brilliance {unknown}
 j - a potion of flight {unknown}
 n - 2 potions of curing {@q1}


   Skills:
 + Level 4.9(0.0) Fighting
 * Level 7.4(0.4) Axes
 + Level 6.0(0.0) Armour
 + Level 5.9(0.0) Shields


You had 7 spell levels left.
You didn't know any spells.
Your spell library was empty.

Dungeon Overview and Level Annotations

Branches:
Dungeon (5/15)
 Temple: D:4-7

Altars:
Elyvilon
Vehumet
Wu Jian

Annotations:
D:7 Joseph


Innate Abilities, Weirdness & Mutations

You are resistant to damage.
You can heal yourself by infusing magical energy.
You passively map a small area around you.
You do not regenerate.


Message History

You are too injured to fight recklessly!
You are too injured to fight recklessly!
You are too injured to fight recklessly!
You are too injured to fight recklessly!
You feel much better.
You closely miss Joseph.
Joseph is moderately wounded.
You block Joseph's attack.
Joseph hits you with a +2 quarterstaff of draining.
You feel drained.
Your shield prevents you from hitting Joseph.
Joseph is moderately wounded.
Joseph hits you with a +2 quarterstaff of draining.
You feel drained.
You slash Joseph!
Joseph is heavily wounded.
Joseph hits you with a +2 quarterstaff of draining.
You feel drained.
Your shield and scale mail prevent you from hitting Joseph.
Joseph is heavily wounded.
Joseph barely misses you.
You hit Joseph.
Joseph is heavily wounded.
Joseph hits you with a +2 quarterstaff of draining.
You feel drained.
Joseph shouts, "Wow!"
Joseph hits you with a +2 quarterstaff of draining.
You feel drained.
You hit Joseph but do no damage.
Joseph is heavily wounded.
Joseph hits you with a +2 quarterstaff of draining.
You feel drained.
You barely miss Joseph.
Joseph is heavily wounded.
Joseph hits you with a +2 quarterstaff of draining.
You feel drained.
You closely miss Joseph.
Joseph is heavily wounded.
You block Joseph's attack.
You closely miss Joseph.
Joseph is heavily wounded.
You block Joseph's attack. x2
You closely miss Joseph.
Joseph is heavily wounded.
Joseph hits you with a +2 quarterstaff of draining!
You feel drained.
* * * LOW HITPOINT WARNING * * *
You are too injured to fight recklessly!
You are too injured to fight recklessly!
You are too injured to fight recklessly!
You are too injured to fight recklessly!
You feel much better. Joseph barely misses you.
You feel much better. You block Joseph's attack.
You slash Joseph!
Joseph is severely wounded.
Joseph hits you with a +2 quarterstaff of draining!
You feel drained.
You slash Joseph!
Joseph is severely wounded.
You block Joseph's attack.
You slash Joseph!
Joseph is almost dead.
Joseph hits you with a +2 quarterstaff of draining!
You feel drained.
Joseph hits you with a +2 quarterstaff of draining!
You feel drained.
You are too injured to fight recklessly!
You are too injured to fight recklessly!
You are too injured to fight recklessly!
You are too injured to fight recklessly!
You are too injured to fight recklessly!
You are too injured to fight recklessly!
You are too injured to fight recklessly!
You are too injured to fight recklessly!
You are too injured to fight recklessly!
You are too injured to fight recklessly!
You are too injured to fight recklessly!
You are too injured to fight recklessly!
You are too injured to fight recklessly!
You are too injured to fight recklessly!
You are too injured to fight recklessly!
You are too injured to fight recklessly!
You are too injured to fight recklessly!
You are too injured to fight recklessly!
Joseph hits you with a +2 quarterstaff of draining.
You feel drained. You block Joseph's attack.
Joseph hits you with a +2 quarterstaff of draining!
* * * LOW HITPOINT WARNING * * *
You feel drained. You block Joseph's attack. You block Joseph's attack.
Joseph hits you with a +2 quarterstaff of draining!
* * * LOW HITPOINT WARNING * * *
You feel drained.
* * * LOW HITPOINT WARNING * * *
Joseph hits you but does no damage.
You feel drained. You block Joseph's attack.
Joseph hits you with a +2 quarterstaff of draining!
You die...

#..##..#####......#,,
....#......#......#,,
....#......#......# ,
##.##..##..#...(..#, *
* #.##..###))≈.≈≈.## *
#......#.))#+#≈(# *
#......+...'_+.(#, , ,
,
,####+###.#≈#+#≈(######
, , *#.#≈≈.≈≈@.....# ,
..#......@...>.. ,
,+..+............. ,
####............. * ,
......#######.. ,
......#, ,,, . , ......
, * , , ...... , * ,, *
,


You could see Joseph.

Vanquished Creatures
  Grinder (D:4)
  2 ice beasts
  2 black bears (D:7)
  2 ogres (D:4)
  A centaur (D:7)
  A phantom (D:4)
  A scorpion (D:7)
  A jelly (D:4)
  An orc wizard (D:7)
  An orc priest (D:7)
  2 hounds
  An iguana (D:5)
  5 worker ants
  2 adders (D:4)
  An ufetubus (D:7)
  2 oozes
  2 adder skeletons
  An adder zombie (D:5)
  3 worms
  2 dart slugs
  A leopard gecko (D:1)
  8 orcs (D:7)
  2 giant cockroaches
  2 goblins (D:1)
  2 hobgoblins (D:1)
  3 jackals (D:1)
  A quokka (D:3)
  A ball python (D:4)
  3 bats (D:1)
  2 frilled lizards
  A kobold (D:1)
  5 rats
65 creatures vanquished.

Notes
Turn   | Place    | Note
-------+----------+-------------------------------------------
     0 | D:1      | EnegeticOcto the Deep Dwarf Fighter began the quest for the
                  | Orb.
     0 | D:1      | Reached XP level 1. HP: 20/20 MP: 1/1
    28 | D:1      | Reached XP level 2. HP: 25/27 MP: 2/2
   192 | D:2      | Reached skill level 3 in Axes
   192 | D:2      | Reached XP level 3. HP: 30/33 MP: 3/3
   263 | D:3      | Found a white marble altar of Elyvilon.
   461 | D:4      | Noticed a phantom
   503 | D:4      | Killed a phantom
   503 | D:4      | Reached skill level 4 in Axes
   503 | D:4      | Reached XP level 4. HP: 39/42 MP: 3/3
   503 | D:4      | Reached XP level 5. HP: 45/49 MP: 4/4
   593 | D:4      | Noticed an ogre
   605 | D:4      | Killed an ogre
   605 | D:4      | Reached XP level 6. HP: 29/56 MP: 5/5
   606 | D:4      | Found a radiant altar of Vehumet.
   756 | D:4      | Noticed Grinder
   770 | D:4      | Killed Grinder
   770 | D:4      | Reached skill level 5 in Axes
   770 | D:4      | Reached XP level 7. HP: 29/64 MP: 6/6
   868 | D:4      | Reached skill level 5 in Armour
   868 | D:4      | Reached skill level 5 in Shields
  1004 | D:5      | Entered Level 5 of the Dungeon
  1131 | D:5      | Reached skill level 6 in Axes
  1284 | D:5      | You fall into a shaft and drop 2 floors!
  1355 | D:7      | Reached XP level 8. HP: 52/73 MP: 6/6
  1428 | D:7      | Reached skill level 7 in Axes
  1439 | D:7      | Found an ornate altar of the Wu Jian Council.
  1472 | D:7      | Noticed Joseph
  1510 | D:7      | Slain by Joseph

Illustrated notes

Levels and vault maps discovered:
D:1:      heliophobic_arrival_henge, layout_basic
D:2:      layout_basic
D:3:      layout_basic, elyvilon_altar_4
D:4:      layout_loops_cross, fiery_altar_vehumet, uniq_grinder
D:5:      layout_layer_cave, basic_altar, minmay_misc_feat_tiny, uniq_duvessa
D:7:      layout_gridville, kennysheep_mini_moat, uniq_joseph, uniq_menkaure

Skill      XL: |  1  2  3  4  5  6  7  8 |
---------------+-------------------------+-----
Axes           | 3 4 5 6 7 |  7.4
Fighting       | 3 4 |  4.9
Armour         | 4 5 6 |  6.0
Shields        | 4 5 |  5.9

Action                   |  1- 3 |  4- 6 |  7- 9 || total
-------------------------+-------+-------+-------++-------
Melee: War axe           |    98 |    38 |   158 ||   294
 Abil: Heal Wounds       |     3 |     2 |     9 ||    14
Armor: Scale mail        |    40 |     5 |    77 ||   122
Dodge: Dodged            |    35 |    19 |    69 ||   123
Block: Kite shield       |    48 |    17 |   117 ||   182

Table legend: (Time is in decaauts)
 A = Elapsed time spent in this place.
 B = Non-inter-level travel time spent in this place.
 C = Inter-level travel time spent in this place.
 D = Time resting spent in this place.
 E = Time spent auto-exploring this place.
 F = Levels seen in this place.
 G = Mean time per level.
                   A        B        C        D        E       F      G
               +--------+--------+--------+--------+--------+-----+--------+
         Total |   1606 |   1516 |     90 |      0 |    952 |   6 |  267.7 |
       Dungeon |   1606 |   1516 |     90 |      0 |    952 |   6 |  267.7 |
               +--------+--------+--------+--------+--------+-----+--------+

Top non-repeatable levels by time:
     D:4: 635 daAuts
     D:5: 286 daAuts
     D:7: 252 daAuts
     D:1: 192 daAuts
     D:3: 151 daAuts
     D:2: 88 daAuts
